 Dungeon Crawl Stone Soup version 0.21.1-1-g345015fe64 (webtiles) character file.

146190 Peloso the Peltast (level 16, -3/151 HPs)
             Began as a Minotaur Fighter on May 23, 2018.
             Was the Champion of Okawaru.
             Slain by a naga
             ... wielding a +0 short sword
              (9 damage)
             ... on level 4 of the Snake Pit.
             The game lasted 01:42:11 (32074 turns).

Peloso the Peltast (Minotaur Fighter)              Turns: 32074, Time: 01:42:12

Health: -3/151     AC: 27    Str: 34    XL:     16   Next: 89%
Magic:  17/17      EV:  8    Int: 13    God:    Okawaru [******]
Gold:   1216       SH: 27    Dex: 16    Spells: 15/15 levels left

rFire    . . .     SeeInvis .   z - +8 demon blade "Bloodbane" {slice, *Rage +Rage Stlth-}
rCold    + . .     Gourm    .   v - +2 large shield {AC+3}
rNeg     . . .     Faith    +   B - +0 plate armour {MR+}
rPois    +         Spirit   .   l - +2 hat {Int+3}
rElec    .         Reflect  .   g - scarf {cloud immunity}
rCorr    .         Harm     .   T - +2 pair of gloves {Dex+3}
MR       ++...     Rnd*Rage +   q - +0 pair of boots of Card Tricks {rC+}
Stlth    ..........             m - amulet of faith
HPRegen  0.35/turn              F - ring "Piobie Cuzo" {rPois Str+9 Int+5 Stlth+}
MPRegen  0.15/turn              r - +6 ring of slaying

@: lethally poisoned (-3 -> -4), berserk cooldown, very slightly contaminated,
slowed, constricted, very slow
A: retaliatory headbutt, horns 2
a: Heroism, Finesse, Renounce Religion, Evoke Berserk Rage


You were on level 4 of the Snake Pit.
You worshipped Okawaru.
Okawaru was exalted by your worship.
You were not hungry.

You visited 5 branches of the dungeon, and saw 28 of its levels.
You visited 1 bazaar.
You also visited: Labyrinth and Sewer.

You collected 3055 gold pieces.
You spent 1839 gold pieces at shops.

Inventory:

Hand Weapons
 z - the +8 demon blade "Bloodbane" (weapon) {slice, *Rage +Rage Stlth-}
   (You bought it in a shop on level 2 of the Snake Pit)

   It inflicts extra damage upon your enemies.
   It lets you go berserk.
   It may make you go berserk in combat.
   It makes you less stealthy.
 L - a +3 scimitar of flaming
 R - the +3 long sword "Boadik" {antimagic, MR+}
   (Okawaru gifted it to you on level 15 of the Dungeon)

   It reduces the magical energy of the wielder, and disrupts the spells and
   magical abilities of those hit.
   Natural abilities and divine invocations are not affected.
   It affects your resistance to hostile enchantments.
Armour
 a - quicksilver dragon scales
 g - a scarf of cloud immunity (worn)
 l - a +2 hat of intelligence (worn)
 q - the +0 pair of boots of Card Tricks (worn) {rC+}
   (You found it on level 7 of the Dungeon)

   It protects you from cold.
 v - a +2 large shield of protection (worn)
 B - a +0 plate armour of magic resistance (worn)
 T - a +2 pair of gloves of dexterity (worn)
Jewellery
 c - an uncursed ring of protection from fire
 m - an amulet of faith (around neck)
 r - a +6 ring of slaying (right hand)
 y - an uncursed ring of protection from fire
 E - an uncursed ring of protection from cold
 F - the ring "Piobie Cuzo" (left hand) {rPois Str+9 Int+5 Stlth+}
   (You found it in a labyrinth)

   [ring of intelligence]

   It affects your strength (+9).
   It affects your intelligence (+5).
   It protects you from poison.
   It makes you more stealthy.
Wands
 b - a wand of disintegration (14)
 o - a wand of paralysis (13)
 D - a wand of scattershot (6)
 N - a wand of enslavement (19)
Scrolls
 h - 4 scrolls of teleportation
 i - 5 scrolls of fog
 j - 5 scrolls of magic mapping
 s - 11 scrolls of remove curse
 A - a scroll of torment
 C - 7 scrolls of fear
 G - 5 scrolls of summoning
 I - a scroll of acquirement
 J - 6 scrolls of identify
 K - 2 scrolls of blinking
 O - 2 scrolls of amnesia
Potions
 d - 4 potions of might
 e - 8 potions of flight
 k - 7 potions of haste
 n - 2 potions of berserk rage
 u - a potion of curing
 w - a potion of invisibility
 H - 2 potions of ambrosia
 Y - 3 potions of agility
 Z - 2 potions of resistance
Books
 M - Roxanne's Tome of Clay
   (You took it off Roxanne on level 4 of the Snake Pit)

   Spells                             Type                      Level
   a - Sandblast                      Earth                        1
   b - Passwall                       Transmutation/Earth          2
   c - Lee's Rapid Deconstruction     Earth                        5
   d - Borgnjor's Vile Clutch         Necromancy/Earth             5
   e - Statue Form                    Transmutation/Earth          6
Miscellaneous
 p - a crystal ball of energy
 x - a phantom mirror
Comestibles
 f - 47 rations


   Skills:
 + Level 16.1 Fighting
 + Level 17.9 Long Blades
 + Level 16.0 Armour
 + Level 5.1 Dodging
 + Level 2.2 Stealth
 + Level 19.5 Shields
 + Level 2.7 Invocations
 + Level 0.9 Evocations


You had 15 spell levels left.
You didn't know any spells.

Dungeon Overview and Level Annotations

Branches:
Dungeon (15/15)            Temple (1/1) D:7            Lair (6/6) D:9
 Shoals (0/4) Lair:4        Snake (4/4) Lair:4        Slime (0/5) Lair:6
    Orc (2/2) D:11            Elf (0/3) Orc:2        Vaults (0/5) D:14
 Depths: D:15

Altars:
Ashenzari
Cheibriados
Dithmenos
Elyvilon
Fedhas
Gozag
Hepliaklqana
Kikubaaqudgha
Makhleb
Nemelex Xobeh
Okawaru
Qazlal
Ru
Sif Muna
Trog
Uskayaw
Vehumet
Wu Jian
Xom
Yredelemnul
Zin
The Shining One
Beogh
Jiyva

Shops:
D:5 ?!   D:7 !   D:11 !(}:   D:14 =   Orc:2 ?=:[   Snake:2 (   Snake:4 [(%=

Annotations:
D:5 1 runed door


Innate Abilities, Weirdness & Mutations

You reflexively headbutt those who attack you in melee.
You have a pair of horns on your head.


Message History

The naga warrior hits you with a short sword.
* * * LOW HITPOINT WARNING * * *
The naga warrior barely misses you. The black mamba misses you.
You riposte.
You slash the black mamba!
The black mamba is heavily wounded.
The naga mage barely misses you. The naga hits you but does no damage.
The naga barely misses you. The naga grabs you.
You stop ascending the stairs.
* * * LOW HITPOINT WARNING * * *
The naga constricts you.
Blink to where?
Press: ? - help, Dir - move target cursor The naga's grasp on you weakens, but your attempt to escape fails.
As you read the scroll of blinking, it crumbles to dust.
You block the black mamba's attack. You block the naga mage's attack.
The naga mage hits you from afar with a spear.
* * * LOW HITPOINT WARNING * * *
You block the naga warrior's attack. The black mamba barely misses you.
You furiously retaliate!
You headbutt the black mamba. The naga hits you with a short sword!
You die...

##...... ##......# #...+
...#..........# #...#####
......#######.# ##.......
......#.....#†###.......
......##....##[.N.....#
......#......#.NNN...####
......#.....##.NS)......##
......#.#...#..N@........#
......##..#.#####....?...#
......#....#.####........#
......####'###..N....)...#
#........................#
#....................#...+
.........................#
................).).)....#
....############..)##.).###


You could see a naga warrior, a black mamba, 2 naga magi and 3 nagas.

Vanquished Creatures
  The ghost of Schimscham the Minotaur Blade, an adept MiBe of Trog (Snake:4)
  A sphinx (D:10)
  Roxanne (Snake:4)
  4 nagarajas
  2 orc warlords
  A stone giant (Orc:2)
  A minotaur (Lab)
  A great orb of eyes (shapeshifter) (D:12)
  A vault guard (D:14)
  6 hydras
  10 naga warriors
  An ice dragon (D:12)
  3 catoblepae (Lair:6)
  5 centaur warriors
  8 two-headed ogres
  2 anacondas (Snake:4)
  A queen ant (Lair:2)
  2 tengu warriors (D:15)
  An orc high priest (Orc:1)
  6 death yaks (Lair:6)
  3 naga sharpshooters
  6 shock serpents
  Urug (D:15)
  Nergalle (Lair:3)
  4 unseen horrors
  A skeletal warrior (D:14)
  3 salamander mystics (Snake:3)
  2 naga ritualists
  A deep troll (D:14)
  2 deep elf magi (D:14)
  10 orc knights
  6 mana vipers
  A wolf spider zombie (D:15)
  A lindwurm (Lair:4)
  Pikel (D:4)
  2 orc sorcerers
  A salamander (shapeshifter) (D:14)
  6 ugly things (D:14)
  6 manticores
  3 salamanders
  6 cyclopes
  A merfolk siren (Lair:4)
  26 black mambas
  2 guardian serpents
  8 naga magi
  2 gargoyles (D:13)
  11 spiny frogs
  2 efreet (D:14)
  13 rime drakes
  A rime drake (shapeshifter) (D:14)
  A kobold demonologist (D:8)
  9 komodo dragons
  6 meliai
  7 trolls
  2 queen bees
  3 merfolk (Lair:4)
  2 polar bears
  The ghost of Thargor the Shield-Bearer, an amateur FoFi (D:4)
  A meliai (shapeshifter) (D:14)
  A hornet (D:10)
  5 slime creatures
  10 blink frogs
  A meliai zombie (D:10)
  A raiju (shapeshifter) (D:15)
  7 hippogriffs
  2 vampires
  Sigmund (D:6)
  A water elemental (D:13)
  3 shadows
  A wraith (D:10)
  53 yaks
  3 wyverns
  3 basilisks
  6 steam dragons (Lair:4)
  2 hungry ghosts
  6 vampire mosquitoes
  Edmund (D:6)
  24 nagas
  5 wargs (Orc:2)
  5 acid dragons
  21 soldier ants
  17 water moccasins
  12 porcupines
  40 orc warriors
  2 eyes of draining
  2 ice beasts
  2 sky beasts
  3 phantoms
  10 ogres
  10 centaurs
  14 crocodiles
  A crocodile (shapeshifter) (D:12)
  17 big kobolds
  24 bullfrogs
  A gnoll sergeant (D:9)
  A water moccasin skeleton (D:8)
  5 scorpions
  21 wights
  51 killer bees
  3 electric eels
  14 crimson imps
  A quasit (D:12)
  A wyvern simulacrum (D:14)
  5 centaur zombies
  17 orc priests
  9 hounds
  4 jellies
  3 bullfrog skeletons
  7 centaur skeletons
  23 orc wizards
  4 iguanas
  30 worker ants
  A hound skeleton (D:5)
  Robin (D:3)
  A worker ant zombie (D:11)
  10 gnolls
  10 adders
  4 river rats (Sewer)
  3 shadow imps
  3 oozes
  4 adder skeletons
  4 worms
  4 dart slugs
  3 leopard geckos
  109 orcs
  7 ball pythons
  5 giant cockroaches
  16 goblins
  6 hobgoblins
  10 jackals
  3 quokkas
  3 bats
  8 frilled lizards
  4 jackal skeletons
  A jackal zombie (D:5)
  31 kobolds
  2 quokka skeletons
  5 rats
997 creatures vanquished.

Vanquished Creatures (others)
  A naga mage (Snake:4)
  A naga (Snake:4)
  An orc priest (Orc:1)
  A quokka (D:4)
  3 fungi
  4 plants
11 creatures vanquished.

Grand Total: 1008 creatures vanquished

Notes
Turn   | Place    | Note
-------+----------+-------------------------------------------
     0 | D:1      | Peloso the Minotaur Fighter began the quest for the Orb.
     0 | D:1      | Reached XP level 1. HP: 19/19 MP: 0/0
    24 | D:1      | Reached skill level 4 in Shields
    24 | D:1      | Reached XP level 2. HP: 25/27 MP: 1/1
   415 | D:2      | Reached XP level 3. HP: 33/33 MP: 2/2
   506 | D:2      | Found a basalt altar of Yredelemnul.
   663 | D:2      | Reached XP level 4. HP: 40/40 MP: 3/3
   928 | D:3      | Noticed Robin
   944 | D:3      | Killed Robin
  1429 | D:3      | Reached XP level 5. HP: 46/46 MP: 4/4
  1587 | D:4      | Noticed Thargor's ghost (amateur FoFi)
  1607 | D:4      | Killed Thargor's ghost
  1607 | D:4      | Reached skill level 5 in Armour
  1607 | D:4      | Reached skill level 1 in Dodging
  1607 | D:4      | Reached skill level 5 in Shields
  1607 | D:4      | Reached XP level 6. HP: 15/53 MP: 5/5
  1874 | D:4      | Reached skill level 5 in Long Blades
  2224 | D:4      | Noticed Pikel
  2224 | D:4      | Noticed a slave
  2224 | D:4      | Noticed a slave
  2225 | D:4      | Noticed a slave
  2225 | D:4      | Noticed a slave
  2241 | D:4      | HP: 2/53 [Pikel/whip of freezing (1)]
  2248 | D:4      | Killed Pikel
  2248 | D:4      | Reached skill level 5 in Fighting
  2248 | D:4      | Reached skill level 6 in Shields
  2248 | D:4      | Reached XP level 7. HP: 19/61 MP: 6/6
  2732 | D:5      | Entered Level 5 of the Dungeon
  2745 | D:5      | Found a runed door.
  2745 | D:5      | Noticed a human
  2749 | D:5      | Found a basalt altar of Yredelemnul.
  2803 | D:5      | Found a shattered altar of Ashenzari.
  2832 | D:5      | Reached XP level 8. HP: 61/68 MP: 7/7
  2859 | D:5      | Found Irpha Codwo's Distillery.
  2891 | D:5      | Found a glowing drain.
  2906 | Sewer    | Entered a sewer
  3270 | Sewer    | Reached skill level 7 in Shields
  3339 | D:5      | Found Wanesos's Magic Scroll Boutique.
  3343 | D:5      | Bought a scroll of teleportation for 39 gold pieces
  3343 | D:5      | Bought a scroll of identify for 26 gold pieces
  3402 | D:5      | Bought a potion of curing for 36 gold pieces
  3967 | D:5      | Found a glowing silver altar of Zin.
  4075 | D:6      | Noticed Edmund
  4099 | D:6      | Killed Edmund
  4490 | D:6      | Noticed Sigmund
  4498 | D:6      | Killed Sigmund
  4498 | D:6      | Reached XP level 9. HP: 50/75 MP: 8/8
  4833 | D:6      | Found a basalt altar of Yredelemnul.
  5126 | D:6      | Found a blossoming altar of Fedhas.
  5232 | D:7      | Found Gauneru's Distillery.
  5241 | D:7      | Got a pair of warped boots
  5251 | D:7      | Identified the cursed +0 pair of boots of Card Tricks {rC+} (You found it on level 7 of the Dungeon)
  5254 | D:7      | Bought a potion of heal wounds for 65 gold pieces
  5254 | D:7      | Bought a potion of might for 52 gold pieces
  5341 | D:7      | Found a staircase to the Ecumenical Temple.
  5350 | Temple   | Entered the Ecumenical Temple
  5413 | Temple   | Became a worshipper of Warmaster Okawaru
  5444 | D:7      | Reached skill level 8 in Shields
  5764 | D:7      | Reached * piety under Okawaru
  6172 | D:8      | Reached skill level 10 in Long Blades
  6330 | D:8      | Noticed a kobold demonologist
  6332 | D:8      | Noticed a smoke demon
  6356 | D:8      | Killed a kobold demonologist
  6356 | D:8      | Reached ** piety under Okawaru
  6356 | D:8      | Reached XP level 10. HP: 59/86 MP: 9/9
  6364 | D:8      | Reached skill level 9 in Shields
  6378 | D:8      | Reached skill level 1 in Stealth
  6562 | D:8      | Found a stormy altar of Qazlal.
  7409 | D:9      | Reached *** piety under Okawaru
  7514 | D:9      | Found an ornate altar of the Wu Jian Council.
  7594 | D:9      | Reached **** piety under Okawaru
  7594 | D:9      | Reached skill level 10 in Armour
  7623 | D:9      | Found a staircase to the Lair.
  7631 | Lair:1   | Entered Level 1 of the Lair of Beasts
  7639 | Lair:1   | Noticed a spiny frog
  7658 | Lair:1   | Killed a spiny frog
  7658 | Lair:1   | Reached skill level 10 in Shields
  7662 | Lair:1   | Reached XP level 11. HP: 24/95 MP: 8/10
  8224 | D:9      | Noticed a two-headed ogre
  8231 | D:9      | Killed a two-headed ogre
  8556 | D:10     | Entered Level 10 of the Dungeon
  8668 | D:10     | Paralysed by a hornet for 1 turns
  8693 | D:10     | Reached ***** piety under Okawaru
  9490 | D:10     | Noticed a sphinx
  9499 | D:10     | Paralysed by a sphinx for 7 turns
  9525 | D:10     | Killed a sphinx
  9525 | D:10     | Reached skill level 11 in Shields
 10013 | D:10     | Noticed a two-headed ogre
 10024 | D:10     | Killed a two-headed ogre
 10024 | D:10     | Reached skill level 10 in Fighting
 10383 | D:11     | Found Cuila's Weapon Shop.
 10404 | D:11     | Found Qositwo's Distillery.
 10414 | D:11     | Reached skill level 1 in Invocations
 10430 | D:11     | Bought a potion of curing for 39 gold pieces
 10430 | D:11     | Bought a potion of heal wounds for 65 gold pieces
 10513 | D:11     | Reached XP level 12. HP: 80/106 MP: 12/12
 10536 | D:11     | Found Vaymuaxt's Book Boutique.
 10554 | D:11     | Found Mymijana's Gadget Boutique.
 10647 | D:11     | Found a staircase to the Orcish Mines.
 10870 | D:11     | Noticed a two-headed ogre
 10887 | D:11     | Killed a two-headed ogre
 10887 | D:11     | Received a gift from Okawaru
 10913 | D:11     | Received a gift from Okawaru
 11519 | D:12     | Reached skill level 12 in Shields
 12190 | D:12     | Noticed an ice dragon
 12465 | D:12     | You fall through a shaft for 3 floors!
 12465 | D:15     | Entered Level 15 of the Dungeon
 12465 | D:15     | Noticed Urug
 12472 | D:15     | Noticed a tengu warrior
 12477 | D:15     | Noticed a centaur warrior
 12479 | D:15     | Killed Urug
 12482 | D:15     | Killed a tengu warrior
 12483 | D:15     | Noticed a tengu warrior
 12486 | D:15     | Killed a centaur warrior
 12508 | D:15     | Killed a tengu warrior
 12508 | D:15     | Reached ****** piety under Okawaru
 12508 | D:15     | Received a gift from Okawaru
 12515 | D:15     | Got a fine long sword {god gift}
 12536 | D:15     | Identified the +3 long sword "Boadik" {antimagic, MR+} (Okawaru gifted it to you on level 15 of the Dungeon)
 13001 | D:15     | Reached skill level 13 in Shields
 13038 | D:14     | Noticed a two-headed ogre
 13051 | D:14     | Killed a two-headed ogre
 13062 | D:14     | Noticed a centaur warrior
 13076 | D:14     | Killed a centaur warrior
 13396 | D:14     | Reached XP level 13. HP: 117/117 MP: 4/13
 13403 | D:14     | Found Dotav's Jewellery Emporium.
 13585 | D:14     | Received a gift from Okawaru
 13698 | D:14     | Received a gift from Okawaru
 13698 | D:14     | Reached skill level 15 in Long Blades
 14319 | D:14     | Got a bound copper ring
 14321 | D:14     | Identified the ring "Potzenul" {+Fly Int+4 Stlth+} (You found it on level 14 of the Dungeon)
 14698 | D:13     | Reached skill level 14 in Shields
 14852 | D:12     | Noticed an ettin
 14858 | D:12     | Noticed a fire dragon
 14858 | D:12     | an ettin changed into a fire dragon
 14865 | D:12     | a fire dragon changed into an alligator
 15065 | D:12     | Identified Sif Muna's Collected Works on the Enthralling Snowflakes
 15357 | Lair:1   | Received a gift from Okawaru
 16412 | Lair:2   | Reached XP level 14. HP: 121/129 MP: 4/14
 16545 | Lair:2   | Received a gift from Okawaru
 16641 | Lair:2   | Reached skill level 15 in Shields
 17709 | Lair:3   | Noticed Nergalle
 17732 | Lair:3   | Killed Nergalle
 17749 | Lair:3   | Got a transparent iron amulet
 17762 | Lair:3   | Identified the amulet of Yruoffux {RegenMP MR++} (You found it on level 3 of the Lair of Beasts)
 18990 | Lair:4   | Found a staircase to the Snake Pit.
 19140 | Lair:4   | Received a gift from Okawaru
 19186 | Lair:4   | Reached skill level 16 in Shields
 19204 | Lair:4   | Found a staircase to the Shoals.
 19990 | Lair:5   | Found a labyrinth entrance.
 20016 | Lab      | Entered a labyrinth
 20677 | Lab      | Identified Sif Muna's Tome of Shifting Stones
 20677 | Lab      | Identified the Compendium of the Ageless Friends
 20678 | Lab      | Got a heavily runed iron ring
 20741 | Lair:5   | Identified the ring "Piobie Cuzo" {rPois Str+9 Int+5 Stlth+} (You found it in a labyrinth)
 21344 | Lair:6   | Entered Level 6 of the Lair of Beasts
 21654 | Lair:6   | Found a staircase to the Slime Pits.
 21654 | Lair:6   | Found a viscous altar of Jiyva.
 22122 | Lair:6   | Reached XP level 15. HP: 133/139 MP: 15/15
 22135 | Lair:6   | Received a gift from Okawaru
 22396 | Lair:6   | Got a translucent brass ring
 22401 | Lair:6   | Identified the ring "Sysi" {*Contam +Fly rElec rPois rC++} (You found it on level 6 of the Lair of Beasts)
 23052 | Orc:1    | Entered Level 1 of the Orcish Mines
 23084 | Orc:1    | Noticed an orc warlord
 23238 | D:11     | Killed an orc warlord
 23238 | D:11     | Reached skill level 17 in Shields
 23819 | Orc:2    | Entered Level 2 of the Orcish Mines
 23857 | Orc:2    | Found a staircase to the Elven Halls.
 23870 | Orc:1    | Noticed an orc warlord
 24160 | Orc:2    | Killed an orc warlord
 24940 | Orc:2    | Received a gift from Okawaru
 25034 | Orc:2    | Received a gift from Okawaru
 25034 | Orc:2    | Reached skill level 15 in Fighting
 26182 | Orc:2    | Found Foezac's Book Shop.
 26182 | Orc:2    | Found Unadesinn's Antique Armour Shoppe.
 26245 | Orc:2    | Found a roughly hewn altar of Beogh.
 26263 | Orc:2    | Found Tesenis's Magic Scroll Shop.
 26263 | Orc:2    | Found Itagej's Jewellery Shoppe.
 26296 | Orc:2    | Bought a scroll of enchant weapon for 97 gold pieces
 26296 | Orc:2    | Bought a scroll of magic mapping for 45 gold pieces
 26323 | Orc:2    | Bought a scroll of blinking for 97 gold pieces
 26323 | Orc:2    | Bought a scroll of blinking for 97 gold pieces
 26756 | D:13     | Reached skill level 15 in Armour
 27205 | D:14     | Found a gate to the Vaults.
 27240 | D:14     | Reached skill level 18 in Shields
 27247 | D:14     | Found a shadowy altar of Dithmenos.
 27275 | D:14     | Received a gift from Okawaru
 27634 | D:15     | Found an ancient bone altar of Kikubaaqudgha.
 28138 | Snake:1  | Entered Level 1 of the Snake Pit
 28188 | Snake:1  | Reached XP level 16. HP: 85/149 MP: 17/17
 28970 | Snake:2  | Received a gift from Okawaru
 29425 | Snake:2  | Found Zigeh's Weapon Emporium.
 29440 | Snake:2  | Bought the +8 demon blade "Bloodbane" {slice, *Rage +Rage Stlth-} for 1181 gold pieces
 29440 | Snake:2  | Found the +8 demon blade "Bloodbane" {slice, *Rage +Rage Stlth-}
 29857 | Snake:3  | Found a flickering gateway to a bazaar.
 29886 | Bazaar   | Entered a bazaar
 29886 | Bazaar   | Found Oshranacsae's Weapon Boutique.
 29886 | Bazaar   | Found Qepluos's Book Boutique.
 29889 | Bazaar   | Found Uqeoklat's General Store.
 29956 | Bazaar   | Found Ugalat's Gadget Emporium.
 30271 | Snake:3  | Reached skill level 5 in Dodging
 30495 | Snake:3  | Identified a scroll of acquirement
 30939 | Snake:4  | Entered Level 4 of the Snake Pit
 30939 | Snake:4  | Found Hagih's Armour Boutique.
 30939 | Snake:4  | Found Musuc's Food Boutique.
 30939 | Snake:4  | Noticed Schimscham's ghost (adept MiBe)
 30941 | Snake:4  | Found Kyskioff's Jewellery Boutique.
 30944 | Snake:4  | Found Jaggulej's Antique Weapon Boutique.
 30972 | Snake:4  | Killed Schimscham's ghost
 31251 | Snake:4  | Reached skill level 19 in Shields
 31252 | Snake:4  | Noticed Roxanne
 31618 | Snake:4  | Killed Roxanne
 31619 | Snake:4  | Identified Roxanne's Tome of Clay (You took it off Roxanne on level 4 of the Snake Pit)
 31859 | Snake:4  | Received a gift from Okawaru
 32031 | Snake:4  | HP: 6/151 [nagaraja/poison arrow (17)]
 32037 | Snake:4  | HP: 7/151 [nagaraja/whip (1)]
 32041 | Snake:4  | HP: 3/151 [nagaraja/whip (2)]
 32074 | Snake:4  | HP: 6/151 [naga mage/spear (5)]
 32074 | Snake:4  | Slain by a naga

Skill      XL: |  1  2  3  4  5  6  7  8  9 10 11 12 13 14 15 16 |
---------------+-------------------------------------------------+-----
Shields        | 4 5 6 7 8 10 11 13 14 16 18 19 | 19.5
Armour         | 4 5 6 7 9 10 11 12 13 14 15 16 | 16.0
Fighting       | 4 5 6 7 8 10 11 13 14 15 16 | 16.1
Long Blades    | 3 4 6 8 10 12 13 14 15 16 17 | 17.9
Dodging        | 1 2 3 4 5 |  5.1
Stealth        | 1 2 |  2.2
Invocations    | 1 2 |  2.7
Evocations     | |  0.9

Action                   |  1- 3 |  4- 6 |  7- 9 | 10-12 | 13-15 | 16-18 || total
-------------------------+-------+-------+-------+-------+-------+-------++-------
Melee: Long sword        |    67 |   146 |   306 |   550 |   752 |       ||  1821
       Headbutt          |    10 |    24 |    83 |   256 |   495 |    96 ||   964
       Scimitar          |       |       |    89 |   279 |   772 |    81 ||  1221
       Demon blade       |       |       |       |       |       |   185 ||   185
Invok: Heroism           |       |       |       |    11 |     7 |       ||    18
Evoke: Wand              |       |       |       |     2 |       |       ||     2
  Use: Scroll            |     3 |     3 |    12 |    12 |    10 |     7 ||    47
       Potion            |       |     2 |     4 |     7 |     5 |    10 ||    28
  Eat: Chunk             |       |     5 |    13 |    23 |    40 |     7 ||    88
       Ration            |       |       |       |     1 |     2 |     2 ||     5
Armor: Scale mail        |    34 |    22 |       |       |       |       ||    56
       Chain mail        |       |    42 |    75 |       |       |       ||   117
       Plate armour      |       |       |    90 |   410 |   516 |   101 ||  1117
Dodge: Dodged            |    22 |    31 |    77 |   181 |   397 |    97 ||   805
Block: Shield            |    32 |    90 |   214 |   553 |  1057 |    50 ||  1996
       Large shield      |       |       |       |       |       |   348 ||   348
       Rpst.: Long sword |     8 |     5 |    14 |    30 |    34 |       ||    91
       Scimitar          |       |       |     5 |    17 |    54 |     2 ||    78
       Demon blade       |       |       |       |       |       |    16 ||    16
